 Dungeon Sprint DCSS version 0.17-a0-1863-g715b4b0 (webtiles) character file.

40 luca467 the Skirmisher (level 3, -17/30 HPs)
             Began as a Mummy Fighter on Sept 20, 2015.
             Was an Initiate of Okawaru.
             Demolished by a hill giant
             ... wielding a +0 giant club
              (30 damage)
             ... in the Dungeon (Sprint IX: "|||||||||||||||||||||||||||||").
             The game lasted 00:02:12 (414 turns).

luca467 the Skirmisher (Mummy Fighter)               Turns: 414, Time: 00:02:12

Health: -17/30     AC: 18    Str: 20    XL:     3   Next: 30%
Magic:  3/3        EV:  7    Int:  7    God:    Okawaru [......]
Gold:   0          SH:  9    Dex: 11    Spells: 0 memorised, 2 levels left

rFire  x . .     SeeInvis .     i - +2 morningstar (protect)
rCold  + . .     Clarity  .     l - +0 plate armour
rNeg   + + +     SustAt   .     c - +0 shield
rPois  ∞         Gourm    .     (no helmet)
rElec  .         Spirit   .     (no cloak)
rCorr  .         Warding  .     k - +0 pair of gloves
rMut   .         NoTele   +     j - +0 pair of boots
MR     .....                    (no amulet)
Stlth  ..........               m - +2 ring of evasion
                                n - +2 ring of evasion

@: not resistant to hostile enchantments, extremely unstealthy
A: no food or potions, fire vulnerability, cold resistance 1, negative energy
resistance 3, torment resistance, unbreathing
a: Renounce Religion


You were in the Dungeon.
You worshipped Okawaru.
Okawaru was noncommittal.
You were not hungry.

You visited 1 branch

Inventory:

Hand weapons
 a - a +0 flail
 i - a +2 morningstar of protection (weapon)
Missiles
 e - 3 tomahawks (quivered)
Armour
 b - a +0 scale mail
 c - a +0 shield (worn)
 j - a +0 pair of boots (worn)
 k - a +0 pair of gloves (worn)
 l - a +0 plate armour (worn)
Jewellery
 m - a +2 ring of evasion (right hand)
 n - a +2 ring of evasion (left hand)
Magical devices
 h - a wand of fire (7)
Scrolls
 d - 2 scrolls of blinking
 f - 3 scrolls of remove curse
 g - 2 scrolls of amnesia


   Skills:
 + Level 4.2 Fighting
 * Level 3.8 Maces & Flails
 + Level 3.4 Armour
 + Level 3.3 Shields


You had 2 spell levels left.
You didn't know any spells.

Dungeon Overview and Level Annotations

Branches:
Dungeon (1/1)

Altars:
Cheibriados
Dithmenos
Elyvilon
Fedhas
Gozag
Kikubaaqudgha
Makhleb
Nemelex Xobeh
Okawaru
Qazlal
Ru
Sif Muna
Trog
Vehumet
Xom
Yredelemnul
Zin
The Shining One
Beogh
Jiyva
Lugonu


Innate Abilities, Weirdness & Mutations

You do not eat or drink.
Your flesh is vulnerable to fire.
You are immune to poison.
Your flesh is cold resistant.
You are immune to negative energy.
You are immune to unholy pain and torment.
You can survive without breathing.


Message History

The iguana bites you but does no damage.
You hit the hill giant.
The hill giant is lightly wounded.
The hill giant hits you with a giant club!
You hit the hill giant.
The hill giant is lightly wounded.
The crimson imp blinks!
The hill giant hits you with a giant club!
The crimson imp blinks!
You barely miss the crimson imp.
The crimson imp blinks!
You block the hill giant's attack.
The crimson imp blinks!
Items here: ))))) a +2 scimitar of electrocution; a +0 lajatang; a +2 halberd of venom a +3 war axe of chopping; a +2 rapier of electrocution You closely miss the crimson imp.
The crimson imp hits you but does no damage.
The hill giant hits you with a giant club!!
Ouch! That really hurt!
You die...

▓.▓
▓z▓
▓e▓
▓l▓
▓l▓
▓.▓
▓.▓
▓C▓
▓@▓
▓5▓
▓.▓
▓!▓
▓'▓
▓_▓
▓_▓
▓_▓
▓_▓


You could see a hill giant, a komodo dragon, a deep elf mage, an iguana, a wight
and a crimson imp.

Vanquished Creatures
  A worker ant (D)
  A gnoll (D)
  2 orcs (D)
  2 bats (D)
  A jackal (D)
  A kobold (D)
  A giant gecko (D)
  A goblin (D)
10 creatures vanquished.

Notes
Turn   | Place    | Note
--------------------------------------------------------------
     0 | D        | luca467 the Mummy Fighter began the quest for the Orb.
     0 | D        | Reached XP level 1. HP: 18/18 MP: 1/1
    15 | D        | Reached XP level 2. HP: 14/24 MP: 2/2
   145 | D        | Noticed a worker ant
   155 | D        | Killed a worker ant
   155 | D        | Reached skill level 4 in Fighting
   155 | D        | Reached XP level 3. HP: 16/30 MP: 3/3
   337 | D        | Found a glowing silver altar of Zin.
   337 | D        | Found a glowing golden altar of the Shining One.
   337 | D        | Found an ancient bone altar of Kikubaaqudgha.
   337 | D        | Found a basalt altar of Yredelemnul.
   337 | D        | Found a shimmering altar of Xom.
   337 | D        | Found a radiant altar of Vehumet.
   338 | D        | Found an iron altar of Okawaru.
   339 | D        | Found a burning altar of Makhleb.
   340 | D        | Found a deep blue altar of Sif Muna.
   341 | D        | Found a bloodstained altar of Trog.
   342 | D        | Found a sparkling altar of Nemelex Xobeh.
   343 | D        | Found a white marble altar of Elyvilon.
   344 | D        | Found a roughly hewn altar of Beogh.
   345 | D        | Found a viscous altar of Jiyva.
   346 | D        | Became a worshipper of Warmaster Okawaru
   347 | D        | Found a corrupted altar of Lugonu.
   348 | D        | Found a blossoming altar of Fedhas.
   349 | D        | Found a snail-covered altar of Cheibriados.
   350 | D        | Found a shadowy altar of Dithmenos.
   351 | D        | Found a stormy altar of Qazlal.
   352 | D        | Found an opulent altar of Gozag.
   353 | D        | Found a sacrificial altar of Ru.
   403 | D        | Noticed a wight
   403 | D        | Noticed a deep elf mage
   403 | D        | Noticed a komodo dragon
   403 | D        | Noticed a crimson imp
   403 | D        | Noticed a hill giant
   403 | D        | Noticed an iguana
   414 | D        | Demolished by a hill giant

Vault maps used:
D:        linesprint

Action                   || total
-------------------------++-------
Melee: Flail             ||    48
       Morningstar       ||     6
